 Dungeon Crawl Stone Soup version 0.25-a0-420-g1cc7eeb0d1 (webtiles) character file.

Game seed: 16259545316236555532, levelgen mode: deterministic

18147 MrRokkomies the Slicer (level 12, 0/63 HPs)
             Began as a Spriggan Abyssal Knight on Jan 19, 2020.
             Was a High Priest of Lugonu.
             Slain by a merfolk
             ... wielding a cursed -2 trident
              (13 damage)
             ... on level 4 of the Lair of Beasts.
             The game lasted 00:53:49 (20838 turns).

MrRokkomies the Slicer (Spriggan Abyssal Knight)   Turns: 20838, Time: 00:53:49

Health: 0/63       AC:  3    Str: 13    XL:     12   Next: 25%
Magic:  20/20      EV: 22    Int: 16    God:    Lugonu [*****.]
Gold:   706        SH:  8    Dex: 16    Spells: 5/11 levels left

rFire    + . .     SeeInvis +   a - +6 dagger of Acasteyne {vorpal, +Blink rPois SInv}
rCold    . . .     Gourm    .   C - +0 buckler
rNeg     . . .     Faith    .   s - +1 robe
rPois    +         Spirit   .   (helmet restricted)
rElec    .         Reflect  .   (no cloak)
rCorr    .         Harm     .   (gloves unavailable)
MR       ++...                  (boots unavailable)
Stlth    ++++......             (no amulet)
HPRegen  0.20/turn              o - ring of protection from fire
MPRegen  0.17/turn              l - +3 ring of strength

@: very quick
A: very small, unfitting armour, see invisible, herbivore, speed 3, slow
metabolism 2
a: Depart the Abyss, Bend Space, Banish, Corrupt, Enter the Abyss, Renounce
Religion, Evoke Blink


You were on level 4 of the Lair of Beasts.
You worshipped Lugonu.
Lugonu was extremely pleased with you.
You were not hungry.

You visited 2 branches of the dungeon, and saw 15 of its levels.
You visited the Abyss 1 time.

You collected 771 gold pieces.
You spent 65 gold pieces at shops.

Inventory:

Hand Weapons
 a - the +6 dagger of Acasteyne (weapon) {vorpal, +Blink rPois SInv}
   (You found it on level 2 of the Abyss)

   It inflicts extra damage upon your enemies.
   It protects you from poison.
   It lets you see invisible.
   It lets you blink.
 b - a +1 hunting sling
 J - a +1 dagger of venom
Missiles
 t - 181 stones
 v - 77 sling bullets
 B - 42 poisoned darts (quivered)
 F - 2 throwing nets
 I - 76 arrows
Armour
 s - a +1 robe (worn)
 C - a +0 buckler (worn)
Magical Staves
 e - an uncursed staff of cold
Jewellery
 d - an uncursed ring of poison resistance
 l - a +3 ring of strength (right hand)
 o - a ring of protection from fire (left hand)
Wands
 y - a wand of flame (13)
 H - a wand of iceblast (7)
 K - a wand of scattershot (5)
Scrolls
 f - 6 scrolls of teleportation
 h - 8 scrolls of remove curse
 q - a scroll of immolation
 r - 3 scrolls of amnesia
 E - a scroll of enchant weapon
 G - a scroll of magic mapping
Potions
 g - a potion of lignification
 i - 2 potions of magic
 j - 5 potions of flight
 k - 3 potions of haste
 m - 3 potions of brilliance
 n - 3 potions of might
 p - 2 potions of curing
 u - a potion of resistance {unknown}
 w - a potion of mutation {unknown}
 x - a potion of ambrosia {unknown}
 z - a potion of berserk rage {unknown}
 A - 2 potions of agility
 D - 2 potions of heal wounds
Comestibles
 c - 20 rations


   Skills:
 + Level 7.3 Fighting
 - Level 10.0 Short Blades
 * Level 9.8 Slings
 - Level 6.5 Dodging
 + Level 6.8 Stealth
 * Level 6.5 Shields
 - Level 10.0 Invocations


You had 5 spell levels left.
You knew the following spells:

 Your Spells              Type           Power        Failure   Level  Hunger
a - Animate Skeleton      Necr           N/A          26%         1    ##.....
b - Ozocubu's Armour      Chrm/Ice       #.......     61%         3    ####...
c - Sticks to Snakes      Tmut           #.......     36%         2    ###....

Your spell library contained the following spells:

 Spells                   Type           Power        Failure   Level  Hunger
 Apportation              Tloc           #.....       26%         1    ##.....
 Beastly Appendage        Tmut           #.....       26%         1    ##.....
 Corona                   Hex            #......      26%         1    ##.....
 Infusion                 Chrm           #...         26%         1    ##.....
 Summon Small Mammal      Summ           #...         26%         1    ##.....
 Shroud of Golubria       Chrm/Tloc      #.....       36%         2    ###....
 Song of Slaying          Chrm           #.......     36%         2    ###....
 Spectral Weapon          Hex/Chrm       #.......     61%         3    ####...
 Spider Form              Tmut/Pois      #.........   61%         3    ####...
 Ice Form                 Ice/Tmut       #.......     95%         4    #####..
 Blade Hands              Tmut           #.........   100%        5    ######.


Dungeon Overview and Level Annotations

Branches:
Dungeon (9/15)             Temple (0/1) D:6            Lair (6/6) D:9
 Shoals (0/4) Lair:4        Snake (0/4) Lair:3        Slime (0/5) Lair:5
    Orc: D:9-12

Altars:
Ashenzari
Elyvilon
Hepliaklqana
Kikubaaqudgha
Makhleb
Okawaru
Qazlal
Sif Muna
Wu Jian

Shops:
D:4 !(

Annotations:
D:3 3 runed translucent doors, Jooffin's ghost, amateur HOBe
D:4 Dowan; Duvessa; Grinder


Innate Abilities, Weirdness & Mutations

You are very small and have problems with some larger weapons.
You are too small for most types of armour.
You have supernaturally acute eyesight. (SInv)
You are a herbivore.
You cover ground extremely quickly.
You need to consume almost no food.


Message History

The merfolk is almost dead.
You block the merfolk's attack.
You hit the merfolk.
The merfolk is almost dead.
You hit the merfolk.
The merfolk is almost dead.
The merfolk completely misses you.
You hit the merfolk but do no damage.
The merfolk is almost dead.
You hit the merfolk but do no damage.
The merfolk is almost dead.
You completely miss the merfolk.
The merfolk is almost dead.
The merfolk completely misses you.
You hit the merfolk but do no damage.
The merfolk is almost dead.
You hit the merfolk but do no damage.
The merfolk is almost dead.
The merfolk hits you with a cursed -2 trident!
You die...

##....###.....####....###
#...P.....######....###.
#..........####.....####
#.......(.#(#.....###...
##..#[#....(.#.....# ##..
##....###...(..[..P####...
#.#...###...(.....###.....
##.....##..(.##...##...P.#
##...###@m..##.).###.....
#....##...###...##P....#
##...#...>.##....##P.....
#..........#.#....#....##
##.....#...###.....#...##
##...####..##....###...##
#....P# #####.....##...##
##...####.P##....###....#
#P....#....###...# ##...#


You could see a merfolk.

Vanquished Creatures
  Harold (D:9)
  2 merfolk sirens (Lair:4)
  4 spiny frogs
  2 black mambas (Lair:4)
  2 rime drakes (Lair:3)
  4 komodo dragons
  2 merfolk
  4 blink frogs (Lair:3)
  2 hippogriffs
  6 dream sheep
  3 basilisks
  11 yaks
  A hungry ghost (D:8)
  4 nagas (Lair:3)
  6 water moccasins
  2 orc warriors (D:9)
  12 porcupines
  4 sky beasts
  3 black bears
  A phantom (D:8)
  4 centaurs
  A wolf (Lair:4)
  5 ogres
  11 crocodiles
  A big kobold (D:8)
  A gnoll sergeant (D:9)
  14 bullfrogs
  4 scorpions
  2 electric eels
  3 howler monkeys (D:8)
  6 crimson imps
  A bullfrog zombie (D:7)
  2 orc priests
  A centaur zombie (D:5)
  A quasit (D:7)
  4 hounds
  2 jellies
  A centaur skeleton (D:9)
  A bullfrog skeleton (D:8)
  4 worker ants
  8 iguanas
  6 orc wizards
  5 gnolls (D:9)
  A worker ant zombie (D:7)
  6 adders
  2 shadow imps
  2 worms
  2 dart slugs
  2 leopard geckos
  19 orcs
  2 ball pythons
  4 giant cockroaches
  15 goblins
  9 hobgoblins
  9 jackals
  4 quokkas
  2 bats
  2 frilled lizards (D:2)
  A jackal zombie (D:7)
  17 kobolds
  A quokka skeleton (D:7)
  10 rats
274 creatures vanquished.

Vanquished Creatures (others)
  3 hydras
  A rime drake (Lair:5)
  A komodo dragon (Lair:5)
  A water moccasin (Lair:4)
  6 fungi
12 creatures vanquished.

Grand Total: 286 creatures vanquished

Notes
Turn   | Place    | Note
-------+----------+-------------------------------------------
     0 | Abyss:1  | MrRokkomies the Spriggan Abyssal Knight began the quest for
                  | the Orb.
     0 | Abyss:1  | Reached XP level 1. HP: 11/11 MP: 3/3
    60 | Abyss:2  | Got a warped dagger
    63 | Abyss:2  | Identified the +6 dagger of Acasteyne {vorpal, +Blink rPois
                  | SInv} (You found it on level 2 of the Abyss)
    86 | Abyss:2  | Noticed a small abomination
    88 | Abyss:2  | Noticed a small abomination
    90 | Abyss:2  | Noticed a worldbinder
    93 | D:1      | Escaped the Abyss
   284 | D:1      | Reached XP level 2. HP: 16/16 MP: 4/4
   318 | D:1      | Reached * piety under Lugonu
   890 | D:2      | Reached XP level 3. HP: 19/19 MP: 5/5
  1595 | D:2      | Reached ** piety under Lugonu
  1823 | D:3      | Found a runed translucent gate.
  1823 | D:3      | Found a runed translucent gate.
  1823 | D:3      | Found a runed translucent gate.
  1823 | D:3      | Noticed Jooffin's ghost (amateur HOBe)
  1823 | D:3      | Identified the +0 short sword "Lashruy" {chaos, rC++ MP-9
                  | Int+2 Dex+4}
  2000 | D:3      | Found a shimmering blue altar of Sif Muna.
  2053 | D:3      | Reached XP level 4. HP: 21/23 MP: 7/7
  2972 | D:4      | Found Masiu's Weapon Shoppe.
  2972 | D:4      | Noticed a phantom
  3419 | D:4      | Noticed Grinder
  3439 | D:4      | Noticed an ogre
  3473 | D:4      | Found Jummiergh's Distillery.
  3481 | D:4      | Bought a potion of heal wounds for 65 gold pieces
  3500 | D:4      | Noticed Duvessa
  3500 | D:4      | Noticed Dowan
  3507 | D:5      | Entered Level 5 of the Dungeon
  3574 | D:5      | Reached XP level 5. HP: 28/28 MP: 8/8
  3575 | D:5      | Noticed an ogre
  3588 | D:5      | Killed an ogre
  3618 | D:5      | Noticed an ogre
  3672 | D:5      | Killed an ogre
  3672 | D:5      | Reached skill level 5 in Dodging
  3672 | D:5      | Reached XP level 6. HP: 30/32 MP: 9/9
  3810 | D:5      | Found a hazy altar of Hepliaklqana.
  4424 | D:6      | Reached skill level 5 in Short Blades
  4449 | D:6      | Found a shattered altar of Ashenzari.
  4508 | D:6      | Reached XP level 7. HP: 24/36 MP: 11/11
  4716 | D:6      | Reached *** piety under Lugonu
  4717 | D:6      | Found a staircase to the Ecumenical Temple.
  4783 | D:6      | Reached skill level 5 in Invocations
  5303 | D:7      | Found an iron altar of Okawaru.
  5363 | D:7      | Found a burning altar of Makhleb.
  5988 | D:7      | Reached XP level 8. HP: 38/42 MP: 13/13
  7025 | D:7      | Reached skill level 1 in Shields
  7877 | D:8      | Reached XP level 9. HP: 29/46 MP: 15/15
  7893 | D:8      | Reached **** piety under Lugonu
  8217 | D:8      | Found a stormy altar of Qazlal.
  8217 | D:8      | Found an ancient bone altar of Kikubaaqudgha.
  8966 | D:8      | Reached skill level 5 in Fighting
  9398 | D:9      | Found a staircase to the Lair.
  9909 | D:9      | Found a white marble altar of Elyvilon.
  9915 | D:9      | Reached ***** piety under Lugonu
 10140 | D:9      | Found an ornate altar of the Wu Jian Council.
 10230 | D:9      | Reached XP level 10. HP: 51/51 MP: 17/17
 10235 | D:9      | Noticed Harold
 10441 | D:9      | Killed Harold
 11035 | Lair:1   | Entered Level 1 of the Lair of Beasts
 11534 | Lair:1   | Noticed a spiny frog
 11550 | Lair:1   | Killed a spiny frog
 12305 | Lair:2   | Learned a level 1 spell: Animate Skeleton
 12552 | Lair:2   | Reached skill level 5 in Slings
 12747 | Lair:2   | Reached skill level 10 in Short Blades
 13546 | Lair:3   | Noticed a five-headed hydra
 13554 | Lair:3   | Banished a five-headed hydra
 13619 | Lair:3   | Found a staircase to the Snake Pit.
 13693 | Lair:3   | Reached XP level 11. HP: 52/56 MP: 19/19
 13923 | Lair:3   | Reached skill level 10 in Invocations
 14003 | Lair:3   | Reached skill level 1 in Stealth
 15584 | Lair:3   | Reached skill level 5 in Shields
 16208 | Lair:4   | Noticed an eight-headed hydra
 16218 | Lair:4   | Banished an eight-headed hydra
 16999 | Lair:4   | Found a staircase to the Shoals.
 17354 | Lair:4   | Reached skill level 5 in Stealth
 17840 | Lair:4   | Learned a level 3 spell: Ozocubu's Armour
 17843 | Lair:4   | Learned a level 2 spell: Sticks to Snakes
 18006 | Lair:4   | HP: 2/58 [dream sheep (25)]
 18296 | Lair:4   | Reached XP level 12. HP: 42/63 MP: 20/20
 18555 | Lair:5   | Noticed an eight-headed hydra
 18559 | Lair:5   | Banished an eight-headed hydra
 19072 | Lair:5   | HP: 2/63 [yak (16)]
 19689 | Lair:5   | Found a staircase to the Slime Pits.
 20439 | Lair:6   | Entered Level 6 of the Lair of Beasts
 20838 | Lair:4   | Slain by a merfolk

Levels and vault maps discovered:
D:1:      minmay_arrival_four_houses, layout_loops_ring
D:2:      layout_rooms, serial_co_window_serial, co_window_of_opportunity_a,
          co_window_paths_b, co_window_paths_a, co_window_paths_a,
          co_window_paths_a, co_window_of_opportunity_a, co_window_paths_a,
          co_window_of_opportunity_a, co_window_paths_b, co_window_2corner,
          co_window_broadway_a, co_window_broadway_b, co_window_paths_c,
          co_window_of_opportunity_c, co_window_corner_b, glass_columns_b,
          glass_columns_a, glass_columns_c
D:3:      layout_basic, gammafunk_ghost_nasty_kobolds, led_sif_pool
D:4:      layout_gridville, cheibriados_altar_1, serial_shops, shop_fountains,
          shop, shop, shop_coins, first_ration, uniq_grinder, uniq_natasha,
          uniq_robin, uniq_duvessa
D:5:      layout_cave_pools, marbit_many_paths
D:6:      corexii_shack_village, layout_basic, minmay_temple_entry_glass,
          fountainhead, grunt_ministairs_2, evilmike_ruin_ashenzari
D:7:      layout_loops_corners, kennysheep_okawaru_gauntlet,
          lightli_temple_of_fire
D:8:      cheibrodos_iron_armory, layout_rooms,
          chequers_temple_overflow_statue_of_worship
D:9:      layout_cave_pools, lemuel_round_altar, kennysheep_mini_moat,
          due_lair_maze_entry_diamond, hangedman_fish_farm, uniq_harold
Lair:1:   layout_cave_pods, chequers_serial_rivers_micro_d,
          nicolae_quartered_pool_little, grunt_forest_stairs_basic
Lair:2:   layout_hall_layers, wad_woods_road_04
Lair:3:   beast_lair_carwin_large_1, layout_cave_pods,
          guppyfry_snake_entry_island, small_statue_intersection,
          grunt_megastairs_3
Lair:4:   layout_concentric_octagons, elwin_shoals_entry_stream
Lair:5:   layout_cave_pods, slime_dummy, lemuel_fruit_tree
Lair:6:   minmay_lair_end_enchanted_forest, layout_gridlike

Skill      XL: |  1  2  3  4  5  6  7  8  9 10 11 12 |
---------------+-------------------------------------+-----
Invocations    | 2 3 4 5 7 8 9 10 | 10.0
Dodging        | 4 5 6 |  6.5
Short Blades   | 3 4 5 6 7 9 10 | 10.0
Fighting       | 3 4 5 6 7 |  7.3
Shields        | 2 3 4 6 |  6.5
Slings         | 5 9 |  9.8
Stealth        | 5 6 |  6.8

Action                   |  1- 3 |  4- 6 |  7- 9 | 10-12 || total
-------------------------+-------+-------+-------+-------++-------
Melee: Dagger            |    83 |   127 |   420 |   610 ||  1240
 Fire: Hunting sling     |       |       |    16 |   301 ||   317
Throw: Dart              |       |       |   108 |   154 ||   262
       Throwing net      |       |       |       |     3 ||     3
Invok: Depart the Abyss  |     1 |       |       |       ||     1
       Banish            |       |       |       |     8 ||     8
Evoke: Wand              |       |       |       |     5 ||     5
  Use: Scroll            |     6 |     2 |     3 |    10 ||    21
       Potion            |       |     2 |       |     1 ||     3
 Stab: Sleeping          |     4 |       |     2 |     7 ||    13
       Held in net/web   |       |       |       |     2 ||     2
       Distracted        |       |       |       |     1 ||     1
  Eat: Ration            |       |       |     4 |     7 ||    11
Armor: Robe              |     5 |     7 |    19 |    11 ||    42
Dodge: Dodged            |    42 |    81 |   365 |   256 ||   744
Block: Buckler           |       |       |    99 |   121 ||   220

Table legend:
 A = Non-vault XP
 B = Vault XP
 C = Vault XP percentage of total XP
 D = Non-vault monster count
 E = Vault monster count
 F = Vault count percentage of total count
                 A         B        C        D         E       F
            +---------+---------+-------+---------+---------+-------
      Total |   19617 |    6308 |  24.3 |     232 |      48 |  17.1
            +---------+---------+-------+---------+---------+-------
        D:1 |      33 |       0 |   0.0 |      20 |       0 |   0.0
        D:2 |      43 |       0 |   0.0 |      21 |       0 |   0.0
        D:3 |      51 |       0 |   0.0 |      16 |       0 |   0.0
        D:5 |     476 |      45 |   8.6 |      12 |       1 |   7.7
        D:6 |     468 |      55 |  10.5 |      11 |      15 |  57.7
        D:7 |    1044 |       3 |   0.3 |      26 |       2 |   7.1
        D:8 |    1349 |     402 |  23.0 |      26 |       4 |  13.3
        D:9 |    1233 |    2102 |  63.0 |      26 |       8 |  23.5
     Lair:1 |    1566 |       0 |   0.0 |       9 |       0 |   0.0
     Lair:2 |    1246 |       0 |   0.0 |      10 |       0 |   0.0
     Lair:3 |    3382 |    2080 |  38.1 |      12 |      14 |  53.8
     Lair:4 |    5012 |    1621 |  24.4 |      22 |       4 |  15.4
     Lair:5 |    3714 |       0 |   0.0 |      21 |       0 |   0.0
            +---------+---------+-------+---------+---------+-------
